 Dungeon Crawl Stone Soup version 0.26.0-45-g9c1d065592 (webtiles) character file.

Game seed: 2951921649439939620

7429 growler the Zephyrmancer (level 11, -6/66 HPs)
             Began as a Tengu Air Elementalist on Jan 29, 2021.
             Was a Believer of Vehumet.
             Mangled by an unseen horror (9 damage)
             ... on level 10 of the Dungeon.
             The game lasted 00:31:31 (15701 turns).

growler the Zephyrmancer (Tengu Air Elementalist)  Turns: 15701, Time: 00:31:32

Health: -6/66      AC:  8    Str:  9    XL:     11   Next: 15%
Magic:  0/19       EV: 17    Int: 19    God:    Vehumet [**....]
Gold:   437        SH:  5    Dex: 14    Spells: 2/20 levels left

rFire    . . .     SeeInvis .   G - +4 rapier (elec)
rCold    . . .     Faith    .   s - +0 buckler
rNeg     + . .     Spirit   .   T - +2 robe {rN+}
rPois    .         Reflect  .   (helmet restricted)
rElec    .         Harm     .   F - +0 cloak {Will+}
rCorr    .         Rampage  .   Q - +2 pair of gloves {archery}
Will     +....                  (boots unavailable)
Stlth    ++........             (no amulet)
HPRegen  0.21/turn              (no ring)
MPRegen  0.16/turn              (no ring)

@: flying quickly and evasively, quick
A: beak, talons 3, able to fly
a: Stop Flying, Renounce Religion


You were on level 10 of the Dungeon.
You worshipped Vehumet.
Vehumet was pleased with you.
You visited 2 branches of the dungeon, and saw 11 of its levels.
You also visited: Sewer.

You collected 885 gold pieces.
You spent 448 gold pieces at shops.

Inventory:

Hand Weapons
 G - a +4 rapier of electrocution (weapon)
   (You bought it in a shop on level 5 of the Dungeon)
Missiles
 y - 34 poisoned darts
 O - 2 throwing nets {!f}
Armour
 a - a +0 robe
 s - a +0 buckler (worn)
   (You found it on level 3 of the Dungeon)
 A - a +0 robe
   (You found it on level 5 of the Dungeon)
 B - a scarf of harm
   (You found it on level 6 of the Dungeon)
 F - a +0 cloak of willpower (worn)
   (You took it off Crazy Yiuf on level 6 of the Dungeon)
 Q - a +2 pair of gloves of archery (worn)
   (You found it on level 9 of the Dungeon)
 R - a +0 cloak of poison resistance
   (You took it off Maurice on level 10 of the Dungeon)
 T - a +2 robe of positive energy (worn)
   (You took it off Erica on level 10 of the Dungeon)
Jewellery
 e - an uncursed amulet of regeneration
   (You took it off Erica on level 10 of the Dungeon)
 k - an uncursed amulet of guardian spirit
   (You found it on level 2 of the Dungeon)
 D - a cursed amulet of inaccuracy {unknown}
   (You found it on level 5 of the Dungeon)
Wands
 t - a wand of flame (12)
   (You found it on level 2 of the Dungeon)
 u - a wand of paralysis (12)
   (You found it on level 8 of the Dungeon)
 x - a wand of acid (7)
   (You found it on level 6 of the Dungeon)
 P - a wand of polymorph (5)
   (You took it off Grum on level 9 of the Dungeon)
 S - a wand of enslavement (8)
   (You found it on level 10 of the Dungeon)
Scrolls
 b - a scroll of fog
 h - 3 scrolls of magic mapping {unknown}
 l - 4 scrolls of teleportation {@r4}
 o - 4 scrolls of remove curse {@r2}
 p - 2 scrolls of enchant armour
 q - 4 scrolls of enchant weapon {unknown}
 v - a scroll of fear {unknown}
 C - 5 scrolls of blinking
 H - 6 scrolls of identify {@r1}
 K - 3 scrolls of immolation {unknown}
 L - a scroll of amnesia {unknown}
 M - 3 scrolls of vulnerability {unknown}
Potions
 c - 5 potions of heal wounds {unknown}
 d - 9 potions of curing {unknown}
 f - 5 potions of flight {unknown}
 g - 5 potions of lignification {unknown}
 i - 2 potions of cancellation
 j - 3 potions of resistance {unknown}
 m - 3 potions of brilliance
 n - a potion of invisibility
 r - a potion of berserk rage
 w - 2 potions of mutation {unknown}
 z - a potion of might
 E - 3 potions of attraction {!q}
 I - 2 potions of haste {unknown}
 J - a potion of ambrosia {unknown}
 N - 2 potions of degeneration {unknown}


   Skills:
 + Level 6.6 Fighting
 + Level 7.2 Short Blades
 + Level 5.1 Dodging
 - Level 2.0 Stealth
 - Level 4.0 Shields
 - Level 5.0 Spellcasting
 - Level 7.0 Conjurations
 - Level 12.0 Air Magic
 - Level 5.0 Poison Magic


You had 2 spell levels left.
You knew the following spells:

 Your Spells              Type           Power        Failure   Level
a - Shock                 Conj/Air       100%         1%          1
b - Airstrike             Air            25%          1%          4
c - Lightning Bolt        Conj/Air       20%          7%          5
d - Static Discharge      Conj/Air       40%          1%          3
f - Mephitic Cloud        Conj/Pois/Air  35%          1%          3
s - Swiftness             Air            50%          1%          2

Your spell library contained the following spells:

 Spells                   Type           Power        Failure   Level
 Inner Flame              Hex/Fire       4%           36%         3
 Poisonous Vapours        Pois/Air       74%          1%          2
 Sting                    Tmut/Pois      56%          4%          1
 Corona                   Hex            4%           12%         1
 Ensorcelled Hibernation  Hex/Ice        8%           19%         2
 Dazzling Flash           Conj/Hex       36%          9%          3
 Olgreb's Toxic Radiance  Pois           23%          16%         4
 Ignite Poison            Fire/Tmut/Pois 11%          19%         3
 Confusing Touch          Hex            4%           36%         3
 Tukima's Dance           Hex            4%           36%         3


Dungeon Overview and Level Annotations

Branches:
Dungeon (10/15)            Temple (1/1) D:5           Sewer (visited)
   Lair: D:8-11         Orc: D:9-12

Altars:
Ashenzari
Cheibriados
Dithmenos
Elyvilon
Fedhas
Gozag
Hepliaklqana
Kikubaaqudgha
Makhleb
Nemelex Xobeh
Okawaru
Qazlal
Ru
Sif Muna
Trog
Uskayaw
Vehumet
Wu Jian
Xom
Yredelemnul
Zin
The Shining One
Lugonu

Shops:
D:5 (   D:6 *   D:9 (   D:10 :

Annotations:
D:9 3 runed translucent doors, Shayle's ghost, novice PaNe


Innate Abilities, Weirdness & Mutations

You have a beak for a mouth.
You have claws for feet.
You can fly continuously.


Message History

You hit something. Something hits you but does no damage. Something hits you.
You hit something but do no damage. Your kick misses something.
Something barely misses you.
Unknown command.
Something hits you but does no damage.
Unknown command.
Something hits you! Something hits you.
* * * LOW HITPOINT WARNING * * *
Unknown command.
Something hits you.
* * * LOW HITPOINT WARNING * * *
Something hits you.
* * * LOW HITPOINT WARNING * * *
You miss something. You claw something. Something hits you.
* * * LOW HITPOINT WARNING * * *
You closely miss something. Something closely misses you.
Unknown command.
Something hits you.
* * * LOW HITPOINT WARNING * * *
Unknown command.
Something hits you but does no damage. Something closely misses you.
You barely miss something. Something barely misses you. Something hits you.
* * * LOW HITPOINT WARNING * * *
You closely miss something. Your kick misses something.
Something hits you but does no damage. Something hits you but does no damage.
The spell fizzles.
Something hits you but does no damage. Something hits you.
* * * LOW HITPOINT WARNING * * *
Something barely misses you.
The bolt of acid hits something!
You block something's attack. Something hits you!
* * * LOW HITPOINT WARNING * * *
Something hits you but does no damage. You block something's attack.
You can't see any susceptible monsters within range! (Use Z to cast anyway.)
The zap hits something.
The zap hits something but does no damage.
You block something's attack. Something hits you.
* * * LOW HITPOINT WARNING * * *
Something hits you!
You die...

#########..#.......#
..##...##..##....#..
#.#....#......#### #
''#†#.....#..## .#
..††.....###.## ...
#.#'''#..# #..## ....
..#.#.#.## #...# .....
.##.}.#.# ##..###......
..#####..####...@.......
....# ##.......#####.)..
..### #.....### . .##
#.#....# .## #.........
..## ###......... ...###
#[.).....#
.....######.......#
........# ##.....##


There were no monsters in sight!

Vanquished Creatures
  A two-headed ogre (D:8)
  Erica (D:10)
  Maurice (D:10)
  A centaur skeleton (D:9)
  A troll (D:10)
  Grinder (Sewer)
  A wyvern (D:9)
  Grum (D:9)
  Edmund (D:6)
  3 orc warriors
  A sky beast (D:10)
  4 ice beasts
  2 black bears
  A phantom (Sewer)
  A necrophage (D:10)
  4 wolves (D:9)
  An eye of draining (D:9)
  2 ogres (D:7)
  3 centaurs
  3 big kobolds
  5 bullfrogs
  A gnoll sergeant (D:7)
  2 water moccasin zombies (D:5)
  2 scorpions (D:5)
  6 killer bees (D:10)
  6 wights
  A howler monkey (D:10)
  2 centaur zombies
  3 bullfrog zombies
  2 jellies
  Crazy Yiuf (D:6)
  3 hounds
  An orc priest (D:7)
  2 bullfrog skeletons (D:8)
  A gnoll shaman (D:9)
  4 orc wizards
  An iron imp (D:8)
  6 worker ants
  Ijyb (D:4)
  2 iguanas
  A big kobold zombie (Sewer)
  A hound zombie (D:10)
  A hound skeleton (D:8)
  A howler monkey zombie (D:8)
  3 worker ant zombies
  Robin (D:2)
  5 adders
  20 gnolls
  2 howler monkey skeletons
  3 river rats (D:4)
  5 shadow imps
  A white imp (D:8)
  7 ufetubi (Sewer)
  An ooze (D:1)
  3 adder skeletons
  2 adder zombies
  5 dart slugs
  3 worms
  7 leopard geckos
  20 orcs
  8 bats
  6 giant cockroaches
  20 goblins
  11 hobgoblins
  15 jackals
  5 quokkas
  4 ball pythons
  3 frilled lizards
  A giant cockroach zombie (Sewer)
  3 hobgoblin zombies (D:8)
  A jackal skeleton (D:4)
  26 kobolds
  A kobold skeleton (D:8)
  2 kobold zombies (D:8)
  A leopard gecko zombie (D:5)
  An orc skeleton (D:8)
  2 orc zombies (D:8)
  A quokka skeleton (D:5)
  5 rats
294 creatures vanquished.

Vanquished Creatures (others)
  A withered plant (D:5)
1 creature vanquished.

Grand Total: 295 creatures vanquished

Notes
Turn   | Place    | Note
-------+----------+-------------------------------------------
     0 | D:1      | growler the Tengu Air Elementalist began the quest for the
                  | Orb.
     0 | D:1      | Reached XP level 1. HP: 10/10 MP: 4/4
   195 | D:1      | Reached XP level 2. HP: 15/15 MP: 4/6
   751 | D:1      | Reached XP level 3. HP: 19/19 MP: 4/7
  1372 | D:2      | Reached skill level 5 in Air Magic
  1372 | D:2      | Reached XP level 4. HP: 24/24 MP: 4/9
  1554 | D:2      | Learned a level 2 spell: Swiftness
  1558 | D:2      | Learned a level 3 spell: Static Discharge
  1718 | D:2      | Noticed Robin
  1720 | D:2      | Gained mutation: You can fly continuously. [Tengu growth]
  1720 | D:2      | Reached XP level 5. HP: 28/28 MP: 6/10
  1722 | D:2      | Killed Robin
  1901 | D:2      | Learned a level 4 spell: Airstrike
  2483 | D:2      | Found an ornate altar of the Wu Jian Council.
  2483 | D:2      | Found a faded altar of an unknown god.
  2488 | D:2      | Found a burning altar of Makhleb.
  2490 | D:2      | Found a glowing silver altar of Zin.
  2491 | D:2      | Found a faded altar of an unknown god.
  2938 | D:3      | Found a shimmering blue altar of Sif Muna.
  2954 | D:3      | Reached XP level 6. HP: 32/32 MP: 6/12
  3606 | D:4      | Noticed Ijyb
  3613 | D:4      | Killed Ijyb
  3614 | D:4      | Reached skill level 6 in Air Magic
  3972 | D:4      | Reached skill level 1 in Shields
  4021 | D:4      | Found a glowing drain.
  4106 | Sewer    | Entered a sewer
  4306 | Sewer    | Reached skill level 5 in Conjurations
  4519 | Sewer    | Noticed Grinder
  4623 | Sewer    | Reached XP level 7. HP: 36/36 MP: 2/14
  4891 | Sewer    | Paralysed by Grinder for 4 turns
  4898 | Sewer    | Paralysed by Grinder for 6 turns
  4909 | Sewer    | Paralysed by Grinder for 4 turns
  4933 | Sewer    | Paralysed by Grinder for 3 turns
  4938 | Sewer    | Killed Grinder
  4939 | Sewer    | Reached skill level 7 in Air Magic
  5072 | Sewer    | Found an ancient bone altar of Kikubaaqudgha.
  5112 | Sewer    | Reached XP level 8. HP: 41/41 MP: 6/15
  5371 | D:4      | Found a shadowy altar of Dithmenos.
  5395 | D:4      | Found a blossoming altar of Fedhas.
  5546 | D:5      | Entered Level 5 of the Dungeon
  5558 | D:5      | Found Duxirgh's Weapon Emporium.
  6249 | D:5      | Reached skill level 5 in Spellcasting
  6255 | D:5      | Learned a level 5 spell: Lightning Bolt
  6737 | D:5      | Reached skill level 8 in Air Magic
  6999 | D:5      | You are sucked into a shaft and drop 3 floors!
  7037 | D:8      | Reached skill level 9 in Air Magic
  7482 | D:6      | Found a hide-covered altar of Uskayaw.
  7640 | D:6      | Found an ancient bone altar of Kikubaaqudgha.
  8025 | D:5      | Found a staircase to the Ecumenical Temple.
  8029 | Temple   | Entered the Ecumenical Temple
  8074 | Temple   | Became a worshipper of Vehumet
  8175 | D:5      | Found a sacrificial altar of Ru.
  8192 | D:5      | Reached skill level 10 in Air Magic
  8359 | D:6      | Reached XP level 9. HP: 45/45 MP: 8/17
  8577 | D:6      | Found Gozag's Platinum Reserve.
  8578 | D:6      | Found an opulent altar of Gozag.
  8890 | D:6      | Noticed Edmund
  8894 | D:6      | Killed Edmund
  8895 | D:6      | Reached skill level 11 in Air Magic
  8981 | D:6      | Found a runed translucent door.
  8982 | D:6      | Noticed Crazy Yiuf
  9092 | D:6      | Learned a level 3 spell: Mephitic Cloud
  9214 | D:6      | Killed Crazy Yiuf
  9606 | D:7      | Reached skill level 1 in Fighting
  9606 | D:7      | Reached skill level 1 in Poison Magic
 10085 | D:5      | Bought a +4 rapier of electrocution for 448 gold pieces
 10388 | D:7      | Reached skill level 1 in Short Blades
 10510 | D:7      | Found a sparkling altar of Nemelex Xobeh.
 11008 | D:8      | Reached * piety under Vehumet
 11008 | D:8      | Offered knowledge of Freeze by Vehumet.
 11065 | D:8      | Found a glowing golden altar of the Shining One.
 11509 | D:8      | Found a broken altar of Ashenzari.
 11710 | D:8      | Found an iron altar of Okawaru.
 11712 | D:8      | Noticed a two-headed ogre
 11723 | D:8      | Killed a two-headed ogre
 11724 | D:8      | Reached skill level 12 in Air Magic
 11724 | D:8      | Reached XP level 10. HP: 56/56 MP: 5/18
 11968 | D:8      | Found a shimmering altar of Xom.
 12556 | D:9      | Noticed Grum
 12561 | D:9      | Reached skill level 5 in Short Blades
 12569 | D:9      | Reached ** piety under Vehumet
 12569 | D:9      | Offered knowledge of Sandblast by Vehumet.
 12586 | D:9      | Killed Grum
 12829 | D:9      | Reached skill level 5 in Fighting
 12829 | D:9      | Reached skill level 5 in Poison Magic
 13316 | D:9      | Found Cewafre's Weapon Shoppe.
 13402 | D:9      | Found a runed translucent gate.
 13402 | D:9      | Found a runed translucent gate.
 13402 | D:9      | Found a runed translucent gate.
 13403 | D:9      | Found an opulent altar of Gozag.
 13404 | D:9      | Noticed Shayle's ghost (novice PaNe)
 13630 | D:9      | Found a sacrificial altar of Ru.
 13871 | D:10     | Entered Level 10 of the Dungeon
 14144 | D:10     | Noticed Maurice
 14158 | D:10     | Killed Maurice
 14294 | D:10     | Noticed Erica
 14681 | D:10     | Killed Erica
 14682 | D:10     | Reached XP level 11. HP: 55/64 MP: 2/19
 14920 | D:10     | Found Naopp's Book Shoppe.
 14936 | D:10     | Offered knowledge of Inner Flame by Vehumet.
 15244 | D:10     | Reached skill level 5 in Dodging
 15699 | D:10     | HP: 3/66 [something (7)]
 15701 | D:10     | Mangled by an unseen horror

Illustrated notes

Levels and vault maps discovered:
D:1:      dpeg_arrival_long_road, layout_basic, minmay_crystal_water
D:2:      layout_loops_corners, chequers_temple_overflow_minitemple, uniq_robin
D:3:      layout_basic, led_sif_book
D:4:      kennysheep_the_goblin_king, layout_cave_pools, kennysheep_mini_moat,
          fedhas_altar_3, portal_sewer_entry_b
D:5:      layout_rooms, kennysheep_mini, temple_hall_moat, serial_undead,
          serial_undead_c, serial_undead_b, serial_undead_f, serial_undead_e,
          serial_shops, shop_coins
D:6:      lemuel_upstairs_altar, layout_basic, nicolae_gozag_zags_fifth_avenue,
          amcnicky_altar_gilded, uniq_crazy_yiuf_cottage, uniq_edmund
D:7:      layout_loops_ring, lemuel_doored_altar
D:8:      layout_loops_cross, nicolae_tso_besieged_by_evil, tgw_xom,
          okawaru_ov_weapons_minmay, ashenzari_altar_1, palyth_stone_intersect
D:9:      layout_big_octagon, serial_shops, shop, ebering_ghost_gozag,
          nicolae_ru_path_of_blood, uniq_grum
D:10:     layout_layer_cave, hiddenorc1_lemuel, serial_shops,
          nicolae_shop_crystal, enter_bailey_5, st_stairs_7, eino_jars,
          uniq_erica, uniq_maurice
Temple:   corrupted_temple

Skill      XL: |  1  2  3  4  5  6  7  8  9 10 11 |
---------------+----------------------------------+-----
Conjurations   | 2 3 4 5 6 7 |  7.0
Air Magic      | 5 6 7 10 12 | 12.0
Spellcasting   | 3 4 5 |  5.0
Shields        | 1 3 4 |  4.0
Fighting       | 3 6 |  6.6
Poison Magic   | 3 5 |  5.0
Short Blades   | 4 6 7 |  7.2
Dodging        | 4 5 |  5.1
Stealth        | |  2.0

Action                   |  1- 3 |  4- 6 |  7- 9 | 10-12 || total
-------------------------+-------+-------+-------+-------++-------
Melee: Unarmed           |     8 |    35 |    55 |       ||    98
       Kick              |     2 |    12 |    31 |    19 ||    64
       Peck              |       |     1 |    15 |     6 ||    22
       Rapier            |       |       |    39 |    76 ||   115
 Cast: Shock             |    60 |   133 |    58 |     2 ||   253
       Static Discharge  |       |    10 |    35 |    18 ||    63
       Airstrike         |       |       |    79 |    75 ||   154
       Lightning Bolt    |       |       |     1 |       ||     1
 Abil: Fly               |       |     1 |       |       ||     1
Evoke: Wand              |       |       |       |     3 ||     3
  Use: Scroll            |       |       |    12 |       ||    12
 Stab: Sleeping          |       |     1 |     1 |     1 ||     3
       Distracted        |       |       |     1 |       ||     1
Armor: Robe              |     7 |     3 |    14 |    26 ||    50
Dodge: Dodged            |    22 |    34 |    97 |    92 ||   245
Block: Buckler           |       |     2 |    23 |    30 ||    55
